 Dungeon Crawl Stone Soup version 0.19-a0-1937-g70ed36a (webtiles) character file.

483 hairmachine the Cleaver (level 7, -5/63 HPs)
             Began as a Hill Orc Abyssal Knight on Oct 26, 2016.
             Was a Priest of Lugonu.
             Killed by nerve-wracking pain
             ... invoked by Grinder
              (14 damage)
             ... on level 4 of the Dungeon.
             The game lasted 00:11:46 (4302 turns).

hairmachine the Cleaver (Hill Orc Abyssal Knight)   Turns: 4302, Time: 00:11:47

Health: -5/63      AC:  8    Str: 22    XL:     7   Next: 12%
Magic:  8/8        EV: 15    Int: 12    God:    Lugonu [***...]
Gold:   127        SH:  0    Dex: 13    Spells: 0 memorised, 6 levels left

rFire  . . .     SeeInvis .     r - +0 war axe
rCold  . . .     Gourm    .     v - +0 scale mail
rNeg   . . .     Faith    +     (no shield)
rPois  .         Spirit   .     j - +0 hat
rElec  .         Reflect  .     (no cloak)
rCorr  .         Harm     .     b - +1 pair of gloves {Dex+3}
MR     .....                    (no boots)
Stlth  ..........               f - amulet of faith {Faith}
                                (no ring)
                                e - +5 ring of evasion

@: mighty
A: no striking features
a: Depart the Abyss, Bend Space, Banish, Renounce Religion


You were on level 4 of the Dungeon.
You worshipped Lugonu.
Lugonu was most pleased with you.
You were not hungry.

You visited 1 branch of the dungeon, and saw 5 of its levels.
You visited the Abyss 1 time.

You collected 127 gold pieces.


   Skills:
 + Level 6.1 Fighting
 + Level 8.2 Axes
 - Level 2.1 Armour
 - Level 0.7 Dodging
 - Level 2.4 Invocations


You had 6 spell levels left.
You didn't know any spells.

Inventory:

Hand Weapons
 a - a +1 hand axe
 g - a cursed -2 blowgun
   (You took it off a kobold on level 3 of the Dungeon)
 r - a +0 war axe (weapon)
   (You found it on level 2 of the Dungeon)
 w - a +0 morningstar
   (You took it off an orc on level 3 of the Dungeon)
Missiles
 k - 24 stones (quivered)
 t - 18 poisoned needles
Armour
 b - a +1 pair of gloves of dexterity (worn)
   (You found it on level 2 of the Dungeon)
 j - a +0 hat (worn)
   (You found it on level 1 of the Dungeon)
 v - a +0 scale mail (worn)
   (You found it on level 3 of the Dungeon)
Jewellery
 e - a +5 ring of evasion (left hand)
   (You found it on level 2 of the Dungeon)
 f - an amulet of faith (around neck) {Faith}
   (You found it on level 1 of the Dungeon)
Wands
 y - a wand of iceblast (8/15)
   (You found it on level 5 of the Dungeon)
Scrolls
 h - a scroll of fog {!r, unknown}
 l - 2 scrolls of noise {!r, unknown}
 m - 2 scrolls of magic mapping {!r, unknown}
 o - a scroll of teleportation {!r, unknown}
 p - a scroll of enchant weapon {!r, unknown}
 q - 3 scrolls of identify {!r}
 s - 2 scrolls of remove curse {!r}
 u - a scroll of fear {!r, unknown}
Potions
 d - a potion of invisibility {!q}
 n - a potion of beneficial mutation {!q}
Comestibles
 c - 4 bread rations
 i - 5 fruits

Dungeon Overview and Level Annotations

Branches:
Dungeon (5/15)
 Temple: D:4-7

Altars:
Ashenzari
Elyvilon
Gozag
Sif Muna

Annotations:
D:1 exclusion: door
D:4 Grinder
D:5 Prince Ribbit

.....####....####..######
###........5....@.......#
#
#####........#.........#
# ##.................# #
#........#.......## #
#.........#...#...# #
#.........#...##### #
#..........##..# #
..#........# ..# #


You could see Grinder.


Message History

HP restored.
An adder, a giant cockroach and Prince Ribbit come into view.
The adder hisses angrily.
Prince Ribbit blinks!
Found 5 gold pieces.
Found a stone staircase leading down.
Unknown command.
Prince Ribbit blinks!
The adder barely misses you. The adder closely misses you.
The giant cockroach waves its antennae.
You closely miss the adder. The adder bites you.
You are poisoned.
The adder poisons you! The adder closely misses you.
Damage: -4%(-3hp) hp: 96%(60hp)
You hit the adder.
The adder is lightly wounded.
You feel sick. The adder closely misses you.
Damage: -2%(-1hp) hp: 94%(59hp) Unknown command.
You hit the adder.
The adder is moderately wounded.
The adder completely misses you.
Unknown command.
You hit the adder but do no damage.
The adder is moderately wounded.
You feel sick. The adder closely misses you.
Prince Ribbit hops awkwardly around.
The adder bites you but does no damage.
Damage: -2%(-1hp) hp: 94%(59hp) Unknown command.
You closely miss the adder.
The adder is moderately wounded.
The adder bites you but does no damage.
Unknown command.
You slash the adder!
You kill the adder!
You hit the giant cockroach.
The giant cockroach is almost dead.
The giant cockroach closely misses you. The giant cockroach misses you.
You hit the giant cockroach but do no damage.
The giant cockroach is almost dead.
You feel sick. The giant cockroach barely misses you.
You hit the giant cockroach but do no damage.
The giant cockroach is almost dead.
The giant cockroach bites you but does no damage.
You barely miss the giant cockroach.
The giant cockroach is almost dead.
The giant cockroach closely misses you.
The giant cockroach bites you but does no damage.
You closely miss the giant cockroach.
The giant cockroach is almost dead.
The giant cockroach barely misses you.
You barely miss the giant cockroach.
The giant cockroach is almost dead.
You feel sick.
Prince Ribbit blinks!
The giant cockroach bites you but does no damage.
Prince Ribbit hops awkwardly around.
Prince Ribbit blinks!
You hit the giant cockroach.
You kill the giant cockroach!
You see here an adder corpse.
You butcher the adder corpse.
You see here a chunk of flesh.
You feel sick.
You are no longer poisoned.
Damage: -1%(-1hp) hp: 93%(58hp)
Your scale mail prevents you from hitting Prince Ribbit.
Prince Ribbit barely misses you. Prince Ribbit hits you!
Damage: -11%(-7hp) hp: 83%(52hp)
You hit Prince Ribbit.
Prince Ribbit is lightly wounded.
Prince Ribbit hits you!
* * * LOW HITPOINT WARNING * * *
Huge Dmg: -22%(-14hp) hp: 61%(38hp) Space bends around you!
You blink.
* * * LOW HITPOINT WARNING * * *
Prince Ribbit croaks regally.
Prince Ribbit hits you but does no damage.
Prince Ribbit hits you!
* * * LOW HITPOINT WARNING * * *
Huge Dmg: -30%(-19hp) hp: 31%(19hp) Prince Ribbit hits you!
* * * LOW HITPOINT WARNING * * *
Huge Dmg: -22%(-14hp) hp: 10%(6hp) Really quaff
x - a viscous orange potion {!q}?
It was a potion of might {!q}.
You feel very mighty all of a sudden. Prince Ribbit misses you.
You slice Prince Ribbit!!
Prince Ribbit is severely wounded.
Prince Ribbit hits you but does no damage.
Prince Ribbit blinks!
There is an escape hatch in the ceiling, spattered with blood here.
Prince Ribbit blinks!
A mysterious force pulls you upwards. The hatch slams shut behind you.
Level annotation: Grinder You start resting.
Grinder gestures at you. Pain shoots through your body!
You die...

Vault maps used:
D:1:      evilmike_arrival_run_for_it
D:3:      elyvilon_altar_4, first_bread, uniq_natasha
D:4:      overflow_temple_1_default, nicolae_ru_great_annihilating_truth,
          uniq_blork_the_orc, uniq_grinder
D:5:      grunt_qazlal_clouds, old_standard_altar,
          nicolae_overflow_crystal_walls, grunt_temple_overflow_open,
          st_stairs_3, dk_rats_in_the_wall, uniq_prince_ribbit1
Abyss:1:  hangedman_abyss_or_decor_passed, hangedman_abyss_or_decor_stabs

Notes
Turn   | Place    | Note
-------+----------+-------------------------------------------
     0 | Abyss:1  | hairmachine the Hill Orc Abyssal Knight began the quest for the Orb.
     0 | Abyss:1  | Reached XP level 1. HP: 19/19 MP: 2/2
     8 | D:1      | Escaped the Abyss
    44 | D:1      | Reached skill level 3 in Axes
   231 | D:1      | Reached XP level 2. HP: 24/26 MP: 3/3
   567 | D:1      | Reached skill level 4 in Axes
   710 | D:1      | Reached ** piety under Lugonu
   928 | D:1      | Reached XP level 3. HP: 31/31 MP: 4/4
  1456 | D:1      | Reached skill level 5 in Axes
  1941 | D:3      | Reached XP level 4. HP: 26/39 MP: 5/5
  2148 | D:3      | Reached skill level 6 in Axes
  2575 | D:3      | Found a white marble altar of Elyvilon.
  2721 | D:3      | Noticed Natasha
  2726 | D:3      | Killed Natasha
  2726 | D:3      | Reached XP level 5. HP: 46/46 MP: 6/6
  2918 | D:3      | Reached *** piety under Lugonu
  3154 | D:3      | Noticed Natasha
  3159 | D:3      | Killed Natasha
  3169 | D:3      | Noticed Natasha
  3194 | D:3      | Killed Natasha
  3558 | D:3      | Noticed an ogre
  3674 | D:4      | Noticed Grinder
  3692 | D:5      | Entered Level 5 of the Dungeon
  3762 | D:5      | Reached skill level 7 in Axes
  3901 | D:5      | Reached skill level 5 in Fighting
  3901 | D:5      | Reached XP level 6. HP: 52/56 MP: 7/7
  3946 | D:5      | Found a shattered altar of Ashenzari.
  4102 | D:5      | Found an opulent altar of Gozag.
  4105 | D:5      | Found a deep blue altar of Sif Muna.
  4180 | D:5      | Noticed an ice beast
  4190 | D:5      | Killed an ice beast
  4190 | D:5      | Reached skill level 8 in Axes
  4190 | D:5      | Reached XP level 7. HP: 62/62 MP: 8/8
  4246 | D:5      | Noticed Prince Ribbit
  4302 | D:4      | Killed from afar by Grinder

Vanquished Creatures
  An ice beast (D:5)
  A scorpion (D:5)
  A bullfrog skeleton (D:5)
  3 jellies (D:5)
  Natasha (thrice) (D:3)
  A worker ant zombie (D:5)
  A howler monkey skeleton (D:3)
  5 adders
  An ooze (D:2)
  An adder skeleton (D:3)
  A worm (D:5)
  2 leopard geckos
  7 orcs
  8 giant cockroaches
  6 hobgoblins
  5 jackals
  5 bats
  3 frilled lizards
  A giant cockroach zombie (D:5)
  11 goblins
  5 kobolds
  7 rats
79 creatures vanquished.

Vanquished Creatures (others)
  An orc (D:3)
  A quokka (D:3)
  A bat (D:3)
3 creatures vanquished.

Grand Total: 82 creatures vanquished

Action                   |  1- 3 |  4- 6 |  7- 9 || total
-------------------------+-------+-------+-------++-------
Melee: Hand axe          |   105 |       |       ||   105
       War axe           |    13 |   157 |    26 ||   196
Throw: Stone             |     4 |       |       ||     4
Invok: Bend Space        |       |       |     1 ||     1
  Use: Scroll            |       |     2 |       ||     2
       Potion            |       |     3 |     1 ||     4
  Eat: Chunk             |     3 |     5 |       ||     8
       Bread ration      |       |     1 |       ||     1
Armor: Leather armour    |    28 |       |       ||    28
       Ring mail         |    19 |     6 |       ||    25
       Scale mail        |       |    33 |    10 ||    43
Dodge: Dodged            |    81 |   110 |    18 ||   209

Skill      XL: |  1  2  3  4  5  6  7 |
---------------+----------------------+-----
Axes           | 3 4 5 6 7 8 |  8.2
Fighting       | 4 5 6 |  6.1
Armour         | |  2.1
Dodging        | |  0.7
Invocations    | |  2.4
